 Dungeon Crawl Stone Soup version 0.27-a0-29-g2d0a2396b0 (webtiles) character file.

Game seed: 11717723197077970865

83 funkygono the Gusty (level 4, -2/33 HPs)
             Began as a Draconian Air Elementalist on Jan 3, 2021.
             Slain by Terence
             ... wielding a +2 hand axe of flaming
              (8 damage)
             ... on level 2 of the Dungeon.
             The game lasted 00:04:03 (1962 turns).

funkygono the Gusty (Draconian Air Elementalist)    Turns: 1962, Time: 00:04:03

Health: -2/33      AC:  7    Str: 10    XL:     4   Next: 22%
Magic:  2/8        EV: 19    Int: 17    God:
Gold:   50         SH:  0    Dex: 11    Spells: 2/8 levels left

rFire    + + .     SeeInvis .   (weapon currently unavailable)
rCold    + + .     Faith    .   (shield currently unavailable)
rNeg     + + +     Spirit   .   (armour unavailable)
rPois    ∞         Reflect  .   (helmet currently unavailable)
rElec    +         Harm     .   (cloak currently unavailable)
rCorr    +         Rampage  .   (gloves currently unavailable)
Will     .....                  (boots currently unavailable)
Stlth    ++........             (amulet currently unavailable)
HPRegen  0.11/turn              (ring currently unavailable)
MPRegen  0.11/turn              (ring currently unavailable)

@: wisp-form (expiring), flying, quick
A: tiny, unfitting armour, AC +5
a: Stop Flying


You were on level 2 of the Dungeon.
You were an insubstantial wisp.
You visited 1 branch of the dungeon, and saw 2 of its levels.

You collected 50 gold pieces.

Inventory:

Hand Weapons
 a - a +0 whip (melded)
Armour
 c - a +2 pair of gloves (melded)
Scrolls
 e - 4 scrolls of identify


   Skills:
 + Level 0.3 Maces & Flails
 + Level 2.0 Dodging
 - Level 2.0 Stealth
 + Level 2.8 Spellcasting
 + Level 1.9 Conjurations
 + Level 3.8 Air Magic


You had 2 spell levels left.
You knew the following spells:

 Your Spells              Type           Power        Failure   Level
a - Shock                 Conj/Air       48%          5%          1
b - Swiftness             Air            15%          5%          2
c - Static Discharge      Conj/Air       12%          16%         3

Your spell library contained the following spells:

 Spells                   Type           Power        Failure   Level
 Airstrike                Air            7%           34%         4
 Lightning Bolt           Conj/Air       6%           83%         5


Dungeon Overview and Level Annotations

Branches:
Dungeon (2/15)

Altars:
Xom

Annotations:
D:2 Terence


Innate Abilities, Weirdness & Mutations

((Your plain brown scales are hard. (AC +5)))
You cannot fit into any form of body armour.
((You are cold-blooded and may be slowed by cold attacks.))


Message History

Terence misses you.
You can't do that in your present form.
Okay, then.
You can't do that in your present form.
Unknown command.
You touch Terence.
Terence is severely wounded.
Terence misses you.
You barely miss Terence.
Terence is severely wounded.
Your transformation is almost over.
Terence zaps a wand.
You touch Terence but do no damage.
Terence is severely wounded.
Terence hits you with a +2 hand axe of flaming.
* * * LOW HITPOINT WARNING * * *
You barely miss Terence.
Terence is severely wounded.
Terence hits you with a +2 hand axe of flaming!
You die...

...#...##.#######.#
...#.### .# #.# ...#†#
#)# ####.# #######.# #.#
........#
####.############.#
..................#
####.############.######
#..†....))....@v......#
#.#.#################.#
#.#.# #<.............#
#.#g# ################
#.#g######....
#.#......'...
#.#@.#####.@ #.#..# .#
#.#..###g.#


You could see Terence.

Vanquished Creatures
  4 gnolls (D:2)
  9 bats
  2 giant cockroaches (D:1)
  6 goblins
  3 hobgoblins
  5 kobolds (D:1)
  A ball python (D:1)
  8 frilled lizards
  6 rats
44 creatures vanquished.

Notes
Turn   | Place    | Note
-------+----------+-------------------------------------------
     0 | D:1      | funkygono the Draconian Air Elementalist began the quest
                  | for the Orb.
     0 | D:1      | Reached XP level 1. HP: 14/14 MP: 3/3
   374 | D:1      | Reached XP level 2. HP: 20/20 MP: 0/5
   377 | D:1      | Learned a level 2 spell: Swiftness
  1105 | D:1      | Reached XP level 3. HP: 26/26 MP: 3/6
  1109 | D:1      | Learned a level 3 spell: Static Discharge
  1248 | D:1      | Found a shimmering altar of Xom.
  1250 | D:1      | Found a blossoming altar of Fedhas.
  1250 | D:1      | Found an opulent altar of Gozag.
  1252 | D:1      | Found a bloodstained altar of Trog.
  1252 | D:1      | Found a radiant altar of Vehumet.
  1252 | D:1      | Found a basalt altar of Yredelemnul.
  1777 | D:2      | Noticed Terence
  1813 | D:2      | Reached XP level 4. HP: 20/33 MP: 1/8
  1962 | D:2      | Slain by Terence

Illustrated notes

Levels and vault maps discovered:
D:1:      tarquinn_simple_flora_water_e, layout_loops_corners,
          doesnt_xom_only_xom
D:2:      layout_basic, old_standard_altar, minmay_lizard_pond, uniq_terence,
          uniq_jessica

Skill      XL: |  1  2  3 |
---------------+----------+-----
Dodging        | 2 |  2.0
Stealth        | 2 |  2.0
Maces & Flails | |  0.3
Spellcasting   | |  2.8
Conjurations   | |  1.9
Air Magic      | |  3.8

Action                   |  1- 3 |  4- 6 || total
-------------------------+-------+-------++-------
Melee: Whip              |    13 |     6 ||    19
       Tailslap          |     4 |     1 ||     5
       Unarmed           |     1 |    15 ||    16
 Cast: Shock             |    78 |    10 ||    88
  Use: Scroll            |     3 |       ||     3
Armor: Skin              |    21 |     6 ||    27
Dodge: Dodged            |    28 |     9 ||    37

Table legend: (Time is in decaauts)
 A = Elapsed time spent in this place.
 B = Non-inter-level travel time spent in this place.
 C = Inter-level travel time spent in this place.
 D = Time resting spent in this place.
 E = Time spent auto-exploring this place.
 F = Levels seen in this place.
 G = Mean time per level.
                   A        B        C        D        E       F      G
               +--------+--------+--------+--------+--------+-----+--------+
         Total |   1963 |   1926 |     37 |    111 |   1483 |   2 |  981.5 |
       Dungeon |   1963 |   1926 |     37 |    111 |   1483 |   2 |  981.5 |
               +--------+--------+--------+--------+--------+-----+--------+

Top non-repeatable levels by time:
     D:1: 1577 daAuts
     D:2: 386 daAuts
